 Dungeon Crawl Stone Soup version 0.30.0-29-ga12c61a403 (webtiles) character file.

Game seed: 7858291715297883162

46 Dadbod the Sneak (level 3, 0/30 HPs)
             Began as a Kobold Hedge Wizard on June 22, 2023.
             Slain by Grinder (5 damage)
             ... on level 3 of the Dungeon.
             The game lasted 00:05:41 (1710 turns).

Dadbod the Sneak (Kobold Hedge Wizard)              Turns: 1710, Time: 00:05:42

Health: 0/30       AC: 21    Str:  6 (7)  XL:     3   Next: 92%
Magic:  2/8        EV:  3    Int: 14 (15) God:
Gold:   53         SH:  0    Dex: 13 (16) Spells: 8/9 levels left

rFire   . . .        a - +0 dagger
rCold   . . .        (no shield)
rNeg    . . .        b - melded +0 robe
rPois   +            c - melded +0 hat
rElec   .            (cloak currently unavailable)
rCorr   .            (gloves currently unavailable)
SInv    .            g - melded +0 pair of boots
Will    .....        (no amulet)
Stlth   +++          (no ring)
HPRegen 0.25/turn    (no ring)
MPRegen 0.11/turn

%: no passive effects
@: brilliant, tree-form
A: stationary, stasis, torment immunity, boosted hp, small, no large weapons,
nightstalker 3
a: no special abilities


You were on level 3 of the Dungeon.
You were a tree.
You visited 1 branch of the dungeon, and saw 3 of its levels.

You collected 53 gold pieces.

Inventory:

Hand Weapons
 a - a +0 dagger (weapon)
Armour
 b - a +0 robe (melded)
 c - a +0 hat (melded)
 g - a +0 pair of boots (melded)
Jewellery
 l - a +6 ring of intelligence
Scrolls
 e - a scroll of enchant armour {unknown}
 i - a scroll of identify {unknown}
 j - 2 scrolls of vulnerability {unknown}
 o - a scroll of amnesia {unknown}
 q - a scroll of teleportation {unknown}
 r - a scroll of torment {unknown}
 s - a scroll of enchant weapon {unknown}
Potions
 d - a potion of magic
 h - 2 potions of lignification
 k - a potion of brilliance
 m - a potion of heal wounds {unknown}
 n - a potion of haste {unknown}
 p - a potion of flight {unknown}


   Skills:
 - Level 0.4 Fighting
 + Level 1.7 Short Blades
 - Level 2.6 Dodging
 - Level 4.0 Stealth
 - Level 3.6 Spellcasting
 - Level 1.1 Conjurations
 - Level 1.1 Summonings
 - Level 1.0 Translocations


You had 8 spell levels left.
You knew the following spells:

 Your Spells              Type           Power      Damage    Failure   Level
a - Magic Dart            Conj           32%        1d4       13%         1

Your spell library contained the following spells:

 Spells                   Type           Power      Damage    Failure   Level
 Call Imp                 Summ           16%        N/A       19%         2
 Slow                     Hex            12%        N/A       21%         1
 Blink                    Tloc           16%        N/A       21%         2
 Cigotuvi's Dreadful Rot  Necr/Pois/Air  6%         N/A       30%         2
 Mephitic Cloud           Conj/Pois/Air  5%         N/A       45%         3
 Borgnjor's Revivificati  Necr           1%         N/A       100%        8
 Necromutation            Tmut/Necr      1%         N/A       100%        8
 Death's Door             Necr           1%         N/A       100%        9


Dungeon Overview and Level Annotations

Branches:
Dungeon (3/15)

Altars:

Annotations:
D:2 1 runed translucent door, Crazy Yiuf
D:3 Grinder


Innate Abilities, Weirdness & Mutations

You are a tree.
Your roots penetrate the ground, keeping you stationary.
You cannot be teleported.
You are immune to unholy pain and torment.
Your maximum health is greatly increased.
Your equipment is partially melded.
You are small and have problems with some larger weapons.
You are completely attuned to the shadows.


Message History

You suddenly lose the ability to move!
You can move again.
Aiming: Magic Dart (safe; 12% risk of failure)
Press: ? - help, Q - select action Shift-Dir - straight line, f/p - Grinder
Aim: Grinder (lightly wounded, 100% to hit)
You feel a surge of power!
The magic dart hits Grinder but does no damage.
Grinder is lightly wounded.
Grinder gestures at you.
You shrug off the repeated paralysis!
Aiming: Magic Dart (safe; 12% risk of failure)
Press: ? - help, Q - select action Shift-Dir - straight line, f/p - Grinder
Aim: Grinder (lightly wounded, 100% to hit)
You feel a surge of power!
The magic dart hits Grinder but does no damage.
Grinder is lightly wounded.
Grinder gestures at you.
You shrug off the repeated paralysis!
Aiming: Magic Dart (safe; 12% risk of failure)
Press: ? - help, Q - select action Shift-Dir - straight line, f/p - Grinder
Aim: Grinder (lightly wounded, 100% to hit)
You feel a surge of power!
The magic dart hits Grinder but does no damage.
Grinder is lightly wounded.
You hit Grinder.
Grinder is lightly wounded.
Grinder hits you but does no damage.
You hit Grinder.
Grinder is lightly wounded.
Grinder hits you but does no damage.
Your magical contamination has completely faded away.
You barely miss Grinder.
Grinder is lightly wounded.
Grinder hits you.
You writhe in agony.
* * * LOW HITPOINT WARNING * * *
It was a potion of degeneration.
There was something very wrong with that liquid.
You feel weakened.
You feel dopey.
You feel clumsy. Grinder hits you.
You die...

###### .....# ####'#########
.............# .............#
.............# ..<#'#########
### ####†# ######## ... #.#
#♣.....# ##.### ####.#
#5####.####....o #.##.#
########.####.....†)#. ..##)#
#.....................#
#.##.####.######.########.###.#
........................).5.>..
#.##.####.###############.#...
..##.........# #.##.#
############## ... ..


You could see Grinder.

Vanquished Creatures
  2 dart slugs
  2 orcs (D:3)
  5 endoplasms
  A giant cockroach (D:3)
  2 goblins (D:1)
  4 hobgoblins
  A quokka (D:1)
  4 ball pythons
  5 bats
  5 frilled lizards
  4 kobolds
  2 rats
37 creatures vanquished.

Notes
Turn   | Place    | Note
-------+----------+-------------------------------------------
     0 | D:1      | Dadbod the Kobold Hedge Wizard began the quest for the Orb.
     0 | D:1      | Reached XP level 1. HP: 10/10 MP: 4/4
   153 | D:1      | Reached skill level 3 in Stealth
   226 | D:1      | Reached XP level 2. HP: 15/15 MP: 6/6
   684 | D:2      | Reached XP level 3. HP: 18/20 MP: 6/8
   984 | D:2      | Reached skill level 4 in Stealth
  1406 | D:2      | Found a runed translucent door.
  1409 | D:2      | Noticed Crazy Yiuf
  1537 | D:3      | Reached skill level 1 in Short Blades
  1672 | D:3      | Noticed Grinder
  1675 | D:3      | Paralysed by Grinder for 3 turns
  1702 | D:3      | Paralysed by Grinder for 2 turns
  1710 | D:3      | Slain by Grinder

Illustrated notes

Levels and vault maps discovered:
D:1:      spicycebolla_green_bress_n_ham_2, layout_rooms,
          minmay_misc_feat_hallway
D:2:      layout_basic, uniq_crazy_yiuf_cottage
D:3:      layout_basic, lemuel_tele_altar,
          shapermc_ecumenical_altar_mp_urbaneastern, uniq_grinder, uniq_jessica,
          uniq_natasha

Skill      XL: |  1  2  3 |
---------------+----------+-----
Stealth        | 3 4 |  4.0
Short Blades   | 1 |  1.7
Fighting       | |  0.4
Dodging        | |  2.6
Spellcasting   | |  3.6
Conjurations   | |  1.1
Summonings     | |  1.1
Translocations | |  1.0

Action                     || total
---------------------------++-------
  Melee: Dagger            ||    91
         Punch             ||     1
   Cast: Magic Dart        ||    18
    Use: Potion            ||     3
   Stab: Sleeping          ||    17
 Armour: Robe              ||    16
         Skin              ||     2
  Dodge: Dodged            ||    55
